Unix NetHack Version 5.0.0-0 post-release - last build May 23 2026 06:08:33 (1c0ff79ee797540d5714e4e18072db0edd9e58ae,branch:main).

Game began 2026-05-23 17:04:04, ended 2026-05-23 17:54:10.

Jobair, neutral female human Tourist

 -------
 |.^...|     ------------
 |..%..|#####...........|
 |.....-#    |..........|######@##
 --.--.-     |....<.....|######@##
   ####      |..........|#      #-------------
     ##      |..........-#      #|C.........C|
      #######----------|-#      $|.....C.....|
          ##################### #|...---.-...|
                  ##          # #%...| {.|...|
                ###          ####|..C|{.{|C..|
              --.-----   #####   |...|.{.|...|
              |.>....-####       |...-----...|
              |......|           |.....C......
              |......|           |C.........C|
              |......|           -------------
              --------

Jobair the Excursionist     St:10 Dx:15 Co:18 In:12 Wi:9 Ch:14  Neutral
Dlvl:6  $:524 HP:0(50) Pw:20(20) AC:-3 Xp:6 T:3500  Burdened

Latest messages:
 What do you want to use or apply?
 In what direction? 4
 The Mordor orc is blinded by the flash!
 The Mordor orc turns to flee.
 The Mordor orc picks up an orcish helm.
 Godzilla bites it.
 It misses Godzilla.
 Godzilla bites it.
 It misses Godzilla.
 The Mordor orc picks up a knife.
 You stop.  Godzilla is in the way!
 The Mordor orc wields a knife!
 You swap places with Godzilla.
 Godzilla misses it.
 Godzilla bites it.
 It thrusts its knife at Godzilla.
 It misses Godzilla.
 Godzilla eats a Woodland-elf corpse.
 You hear the splashing of a naiad.
 You hear some noises.
 You hear a distant zap.
 The magic missile hits it!
 The magic missile hits Godzilla!
 Godzilla bites it.
 Godzilla grows up into a large dog.
 You swap places with Godzilla.
 You hear a nearby zap.
 The magic missile hits you!
 You hear a nearby zap.
 The magic missile hits you!
 There are several objects here.
 The Woodland-elf wields a curved sword!
 The Woodland-elf swings her curved sword.
 The Woodland-elf just misses!
 You hit the Woodland-elf!
 The Woodland-elf wields a curved sword!
 You miss the Woodland-elf.
 The Woodland-elf swings her curved sword.
 The Woodland-elf misses!
 The Woodland-elf swings her curved sword.
 The Woodland-elf misses!
 You hit the Woodland-elf.
 The Woodland-elf swings her curved sword.
 The Woodland-elf hits!
 You die...
 Do you want your possessions identified? [ynq] (y) y
 Do you want to see your attributes? [ynq] (y) y
 Do you want an account of creatures vanquished? [ynaq] (y) y
 Do you want to see your conduct and achievements? [ynq] (y) y
 Do you want to see the dungeon overview? [ynq] (y) y

Inventory:
 Coins    ('$')
  $ - 524 gold pieces
 Weapons  (')')
  a - 26 +2 darts (at the ready)
  c - 10 +0 darts
  L - a +0 scimitar
  M - a +0 scimitar
  Q - a +0 short sword (weapon in left hand)
 Armor    ('[')
  G - an uncursed +0 helm of caution
  F - an uncursed +1 helmet (being worn)
  q - an uncursed +0 pair of kicking boots (being worn)
  N - an uncursed rustproof +0 orcish shield
  D - an uncursed +0 cloak of protection (being worn)
  i - an uncursed +0 Hawaiian shirt with an orchid motif (being worn)
  t - a blessed +4 studded leather armor (being worn)
 Comestibles  ('%')
  I - an uncursed goober
  b - 4 uncursed food rations
  e - 3 uncursed tripe rations
 Scrolls  ('?')
  J - an uncursed scroll of food detection
  g - 4 uncursed scrolls of magic mapping
 Potions  ('!')
  f - 2 uncursed potions of extra healing
 Rings    ('=')
  O - an uncursed ring of warning
 Wands    ('/')
  T - a wand of striking (0:5)
 Tools    ('(')
  P - an empty uncursed sack
  m - an uncursed credit card
  H - an uncursed credit card
  j - an expensive camera (0:68)
  k - an uncursed lock pick
  K - an uncursed mirror

Jobair the Tourist's attributes:

Background:
 You were an Excursionist, a level 6 female human Tourist.
 You were neutral, nominally on a mission for The Lady
 who was opposed by Blind Io (lawful) and Offler (chaotic).
 You were left-handed.
 You were in the Dungeons of Doom, on level 6.
 You entered the dungeon 3500 turns ago.
 You had 446 experience points, 194 more were needed to attain level 7.

Basics:
 You had 0 out of 50 hit points.
 You had all 20 energy points (spell power).
 Your armor class was -3.
 Your wallet contained 524 zorkmids.
 Autopickup was off.

Final Characteristics:
 Your strength was 10 (limit:18/100).
 Your dexterity was 15 (limit:18).
 Your constitution was 18 (limit:18).
 Your intelligence was 12 (limit:18).
 Your wisdom was 9 (limit:18).
 Your charisma was 14 (limit:18).

Final Status:
 You weren't hungry.
 You were burdened; movement was slightly slowed.
 You were wielding a short sword.
 You had basic skill with short sword.

Final Attributes:
 You were piously aligned.
 You were protected.
 You are dead.

Miscellaneous:
 You didn't encounter any bones levels.
 Total elapsed playing time was 50 minutes and 3 seconds.

Major events:
 Turn
    1: Jobair the neutral female human Tourist entered the dungeon
 1391: attained the rank of Sightseer (level 3)
 3377: attained the rank of Excursionist (level 6)
 3500: killed by a Woodland-elf

You didn't know any spells.

Skills:
 Fighting Skills
   bare handed combat [Unskilled]
   two weapon combat  [Unskilled]
   riding             [Unskilled]
 Weapon Skills
   dagger             [Unskilled]
   knife              [Unskilled]
   axe                [Unskilled]
   pick-axe           [Unskilled]
   short sword        [Basic]
   broadsword         [Unskilled]
   long sword         [Unskilled]
   two-handed sword   [Unskilled]
   saber              [Unskilled]
   mace               [Unskilled]
   morning star       [Unskilled]
   flail              [Unskilled]
   hammer             [Unskilled]
   quarterstaff       [Unskilled]
   polearms           [Unskilled]
   spear              [Unskilled]
   trident            [Unskilled]
   lance              [Unskilled]
   bow                [Unskilled]
   sling              [Unskilled]
   crossbow           [Unskilled]
   dart               [Basic]
   shuriken           [Unskilled]
   boomerang          [Unskilled]
   whip               [Unskilled]
   unicorn horn       [Unskilled]
 Spellcasting Skills
   divination spells  [Unskilled]
   enchantment spells [Unskilled]
   escape spells      [Unskilled]

Voluntary challenges:
 Character rerolling was not enabled.
 You were an atheist.
 You never genocided any monsters.
 You never polymorphed an object.
 You never changed form.
 You used no wishes.
Achievements:
 You entered a shop.
 You attained the rank of Sightseer.
 You attained the rank of Excursionist.

 The Dungeons of Doom: levels 1 to 6
    Level 1:
    Level 2:
       An armor shop.
    Level 3:
       A potion shop.
    Level 4:
       A general store.
    Level 5:
    Level 6: <- You were here.
       Many fountains.
       Final resting place for
          you, killed by a Woodland-elf.


Vanquished creatures:
  a dog
  a Woodland-elf
  a bugbear
  2 imps
  a water nymph
  6 Mordor orcs
  2 rock moles
  a fog cloud
  a kobold mummy
  a paper golem
  a little dog
  a floating eye
  2 dwarves
  2 homunculi
  a rothe
  a centipede
  2 orc zombies
  2 werejackals
 an iguana
  2 coyotes
  a gas spore
  a large kobold
  a hobgoblin
  a giant rat
  3 cave spiders
  2 brown molds
  a gecko
  6 jackals
  a fox
  2 kobolds
  a goblin
  2 sewer rats
  5 grid bugs
  7 lichens
  4 newts
70 creatures vanquished.

No species were genocided or became extinct.

Game over:
                       ----------
                      /          \
                     /    REST    \
                    /      IN      \
                   /     PEACE      \
                  /                  \
                  |      Jobair      |
                  |      524 Au      |
                  |   killed by a    |
                  |   Woodland-elf   |
                  |                  |
                  |                  |
                  |       2026       |
                 *|     *  *  *      | *
        _________)/\\_//(\/(/\)/\//\/|_)_______

Aloha Jobair the Tourist...

You died in The Dungeons of Doom on dungeon level 6 with 2154 points,
and 524 pieces of gold, after 3500 moves.
You were level 6 with a maximum of 50 hit points when you died.

